 Dungeon Crawl Stone Soup version 0.20-a0-1006-ge6c5631 (webtiles) character file.

135 Ordine the Slasher (level 5, -4/32 HPs)
             Began as a Tengu Fighter on Apr 14, 2017.
             Slain by a two-headed ogre
             ... wielding a +0 giant club
              (20 damage)
             ... on level 4 of the Dungeon.
             The game lasted 00:05:50 (2743 turns).

Ordine the Slasher (Tengu Fighter)                  Turns: 2743, Time: 00:05:50

Health: -4/32      AC:  6    Str: 17    XL:     5   Next: 18%
Magic:  3/6        EV:  8    Int:  8    God:
Gold:   210        SH:  9    Dex: 14    Spells: 4/4 levels left

rFire    . . .     SeeInvis .   a - +1 long sword
rCold    . . .     Gourm    .   c - +0 shield
rNeg     . . .     Faith    .   b - +0 scale mail
rPois    .         Spirit   .   (helmet restricted)
rElec    .         Reflect  .   (no cloak)
rCorr    .         Harm     .   (no gloves)
MR       .....                  (boots unavailable)
Stlth    ..........             (no amulet)
Regen    0.1/turn               k - +2 ring of slaying
MPRegen  0.1/turn               (no ring)

@: flying quickly and evasively, quick
A: beak, talons 3, able to fly 1
a: no special abilities


You were on level 4 of the Dungeon.
You were not hungry.

You visited 1 branch of the dungeon, and saw 4 of its levels.

You collected 210 gold pieces.

Inventory:

Hand Weapons
 a - a +1 long sword (weapon)
Armour
 b - a +0 scale mail (worn)
 c - a +0 shield (worn)
Jewellery
 k - a +2 ring of slaying (left hand)
Scrolls
 e - 3 scrolls of remove curse
 l - 3 scrolls of enchant weapon
Potions
 d - 2 potions of might
 h - 2 potions of lignification
 m - 3 potions of mutation
 n - 5 potions of curing
 o - 3 potions of flight {unknown}
 p - a potion of agility {unknown}
Comestibles
 f - 5 bread rations
 g - 7 chunks of flesh
 i - 7 fruits
 j - 3 royal jellies


   Skills:
 - Level 3.0 Fighting
 + Level 5.7 Long Blades
 - Level 3.2 Armour
 - Level 3.0 Shields


You had 4 spell levels left.
You didn't know any spells.

Dungeon Overview and Level Annotations

Branches:
Dungeon (4/15)             Temple (0/1) D:4

Altars:
Elyvilon


Innate Abilities, Weirdness & Mutations

You have a beak for a mouth.
You have claws for feet.
You can fly.


Message History

You now have 210 gold pieces (gained 15).
Found an escape hatch in the floor.
There is an escape hatch in the floor here.
A two-headed ogre comes into view.
It is wielding a giant club and a giant spiked club.
The two-headed ogre shouts in stereo!
Found 7 gold pieces.
You swoop lightly up into the air.
You feel very comfortable in the air.
You feel somewhat more hungry.
You hit the two-headed ogre but do no damage.
You claw the two-headed ogre, but do no damage.
You block the two-headed ogre's attack. x2
You hit the two-headed ogre.
You claw the two-headed ogre, but do no damage.
You peck the two-headed ogre.
The two-headed ogre is lightly wounded.
The two-headed ogre hits you with a giant club!
Ouch! That really hurt!
The two-headed ogre hits you with a giant spiked club!!
Ouch! That really hurt!
You die...

**,*#,** ##...#
**,,*****,,,*,*
,,,,,,* ###.# **,*
****,,*,** ,******
#.# *,##*,,,>,,,,* ,*
#.# **#...,,**,,,,,,
,*
#.###.....,,,,,,****
,*
##.....#*******,,,***
** ******#...####
******,*,,,* *
**,.$....#..#
**,,,,,,*,,,, *
**,,########@#
*>,******,,**
*****,,** #O#***,**
***,,,* *,,,,,**
#.#*,,,*****,,,,,,
,,*****
#.#*,,,,,,,,,*****
,** #.#,,,******** **
******#..,,** *
*,,,,,...,,*
******###***


You could see a two-headed ogre.

Vanquished Creatures
  5 adders
  2 worms (D:2)
  A dart slug (D:3)
  A leopard gecko (D:1)
  5 orcs (D:3)
  10 bats
  5 giant cockroaches
  5 goblins
  10 hobgoblins
  5 jackals
  10 kobolds
  A quokka (D:2)
  2 ball pythons
  7 frilled lizards
  9 rats
78 creatures vanquished.

Vanquished Creatures (others)
  5 toadstools (D:1)
5 creatures vanquished.

Grand Total: 83 creatures vanquished

Notes
Turn   | Place    | Note
-------+----------+-------------------------------------------
     0 | D:1      | Ordine the Tengu Fighter began the quest for the Orb.
     0 | D:1      | Reached XP level 1. HP: 14/14 MP: 2/2
   251 | D:1      | Reached skill level 3 in Long Blades
   251 | D:1      | Reached XP level 2. HP: 19/19 MP: 3/3
   673 | D:1      | Reached XP level 3. HP: 22/23 MP: 4/4
  1035 | D:2      | Reached skill level 4 in Long Blades
  1250 | D:2      | Found a white marble altar of Elyvilon.
  1296 | D:2      | Reached XP level 4. HP: 26/28 MP: 5/5
  1495 | D:3      | Reached skill level 5 in Long Blades
  2199 | D:3      | Gained mutation: You can fly. [Tengu growth]
  2199 | D:3      | Reached XP level 5. HP: 31/32 MP: 6/6
  2737 | D:4      | Noticed a two-headed ogre
  2743 | D:4      | Slain by a two-headed ogre

Vault maps used:
D:1:      ldierk_walled_garden, st_stairs_6, minmay_quantized
D:2:      elyvilon_altar_3
D:3:      first_bread
D:4:      minmay_temple_entry_grid

Skill      XL: |  1  2  3  4 |
---------------+-------------+-----
Long Blades    | 3 4 5 |  5.7
Fighting       | |  3.0
Armour         | |  3.2
Shields        | |  3.0

Action                   |  1- 3 |  4- 6 || total
-------------------------+-------+-------++-------
Melee: Long sword        |    81 |    76 ||   157
       Kick              |    18 |    16 ||    34
       Peck              |     4 |    13 ||    17
 Abil: Fly               |       |     1 ||     1
  Use: Scroll            |     8 |     5 ||    13
  Eat: Chunk             |     1 |     5 ||     6
Armor: Scale mail        |    27 |    29 ||    56
Dodge: Dodged            |    23 |    14 ||    37
Block: Shield            |    48 |    35 ||    83
       Rpst.: Long sword |     8 |     8 ||    16
